 Dungeon Crawl Stone Soup version 0.17-a0-1718-g72dbe4d (webtiles) character file.

252 karlkraus the Shield-Bearer (level 5, -1/47 HPs)
             Began as a Minotaur Fighter on Aug 24, 2015.
             Was a Believer of Makhleb.
             Killed from afar by an orc wizard (6 damage)
             ... with a puff of flame
             ... on level 4 of the Dungeon.
             The game lasted 00:06:10 (2401 turns).

karlkraus the Shield-Bearer (Minotaur Fighter)      Turns: 2401, Time: 00:06:10

Health: -1/47      AC:  8    Str: 21    XL:     5   Next: 89%
Magic:  4/4        EV:  8    Int:  5    God:    Makhleb [**....]
Gold:   167        SH:  0    Dex: 10    Spells: 0 memorised, 4 levels left

rFire  . . .     SeeInvis .     a - +0 flail
rCold  . . .     Clarity  .     b - +0 scale mail
rNeg   . . .     SustAt   .     c - +0 shield
rPois  +         Gourm    .     (helmet restricted)
rElec  .         Spirit   .     (no cloak)
rCorr  .         Warding  .     f - +0 pair of gloves
rMut   .         Stasis   .     (no boots)
MR     .....                    l - amulet of faith
Stlth  ..........               B - ring of poison resistance
                                (no ring)

@: confused, starving, not resistant to hostile enchantments, extremely
unstealthy
A: retaliatory headbutt, horns 2
a: Minor Destruction, Renounce Religion


You were on level 4 of the Dungeon.
You worshipped Makhleb.
Makhleb was pleased with you.
You were starving.

You visited 1 branch of the dungeon, and saw 4 of its levels.

You collected 167 gold pieces.

Inventory:

Hand weapons
 a - a +0 flail (weapon)
Armour
 b - a +0 scale mail (worn)
 c - a +0 shield (worn)
 f - a +0 pair of gloves (worn)
Jewellery
 l - an amulet of faith (around neck)
 B - a ring of poison resistance (right hand)
Magical devices
 y - a wand of digging (12)
Scrolls
 g - a scroll of amnesia {unknown}
 i - a scroll of teleportation {unknown}
 j - a scroll of random uselessness {unknown}
 n - a scroll of blinking {unknown}
 p - 2 scrolls of remove curse {unknown}
 q - 5 scrolls of identify {unknown}
 u - a scroll of noise {unknown}
 v - 2 scrolls of enchant armour {unknown}
 x - a scroll of fog {unknown}
Potions
 d - a potion of might
 h - a potion of lignification {unknown}
 k - a potion of brilliance {unknown}
 r - a potion of magic {unknown}
 s - a potion of invisibility {unknown}
 t - 2 potions of haste {unknown}
 z - 2 potions of curing {unknown}
Comestibles
 e - a bread ration
 m - 4 slices of pizza
 o - 4 fruits
 w - a royal jelly
 A - a meat ration


   Skills:
 + Level 4.5 Fighting
 + Level 3.5 Maces & Flails
 + Level 4.9 Armour
 + Level 2.1 Dodging
 - Level 0.1 Stealth
 + Level 5.1 Shields
 * Level 1.2 Invocations


You had 4 spell levels left.
You didn't know any spells.

Dungeon Overview and Level Annotations

Branches:
Dungeon (4/15)
 Temple: D:4-7

Altars:
Cheibriados
Elyvilon
Fedhas
Gozag
Makhleb
Qazlal

Shops:
D:2 *


Innate Abilities, Weirdness & Mutations

You reflexively headbutt those who attack you in melee.
You have a pair of horns on your head.


Message History

The puff of flame hits you!
You completely miss something.
You hear some strange, mumbled words.
Something tries to affect you, but you resist.
Something hits you but does no damage.
You miss something. Your headbutt misses something.
You hear some strange, mumbled words.
A magic dart appears from out of thin air!
The magic dart hits you!
* * * LOW HITPOINT WARNING * * *
You miss something. You headbutt something. Something hits you.
* * * LOW HITPOINT WARNING * * *
You miss something. Your headbutt misses something.
You hear some strange, mumbled words.
You are confused.
Something hits you but does no damage.
You hear some strange, mumbled words.
A puff of flame appears from out of thin air!
The puff of flame hits you!
You die...

#..####### #
#........# .#
########.# ..# #.#
#.# ##.###.####
###..........
###...†........
##...)(........$
#...))@.........
#...............
#...../.........
#................
#................
..................
#.................
#...............


There were no monsters in sight!

Vanquished Creatures
  A crimson imp (D:4)
  Ijyb (D:3)
  A hound (D:4)
  A worker ant (D:4)
  7 adders
  An ooze (D:3)
  A worm (D:2)
  2 giant geckos (D:2)
  3 orcs (D:4)
  A giant cockroach (D:4)
  8 goblins
  7 hobgoblins
  9 kobolds
  2 quokkas
  9 ball pythons
  6 bats
  4 giant newts
  4 jackals (D:4)
  12 rats
80 creatures vanquished.

Notes
Turn   | Place    | Note
--------------------------------------------------------------
     0 | D:1      | karlkraus the Minotaur Fighter began the quest for the Orb.
     0 | D:1      | Reached XP level 1. HP: 19/19 MP: 0/0
    93 | D:1      | Reached XP level 2. HP: 24/27 MP: 1/1
   152 | D:1      | Reached skill level 4 in Fighting
   905 | D:2      | Found an opulent altar of Gozag.
   909 | D:2      | Found Gozag's Platinum Reserve.
   974 | D:2      | Reached XP level 3. HP: 31/33 MP: 2/2
  1332 | D:2      | Found a blossoming altar of Fedhas.
  1429 | D:3      | Found a white marble altar of Elyvilon.
  1450 | D:3      | Found a burning altar of Makhleb.
  1491 | D:3      | Became a worshipper of Makhleb the Destroyer
  1499 | D:3      | Noticed Ijyb
  1514 | D:3      | Killed Ijyb
  1514 | D:3      | Reached skill level 1 in Dodging
  1514 | D:3      | Reached XP level 4. HP: 30/40 MP: 3/3
  1700 | D:3      | Found a stormy altar of Qazlal.
  1842 | D:3      | Acquired Makhleb's first power
  1870 | D:3      | Reached XP level 5. HP: 37/47 MP: 4/4
  1942 | D:3      | Reached skill level 1 in Invocations
  2121 | D:4      | Found a snail-covered altar of Cheibriados.
  2357 | D:4      | Reached skill level 5 in Shields
  2369 | D:4      | Acquired Makhleb's second power
  2401 | D:4      | Killed from afar by an orc wizard

Vault maps used:
D:1:      lightli_arrival_windingriver, roderic_lattice_a, st_stairs_1
D:2:      lemuel_round_altar, minmay_liquid_box, nicolae_gozag_zags_fifth_avenue
D:3:      lemuel_crystal_altar, lemuel_crystal_altar, elyvilon_altar_5,
          minmay_snake_closets, uniq_iyjb
D:4:      old_standard_altar, first_bread

Action                   |  1- 3 |  4- 6 || total
-------------------------+-------+-------++-------
Melee: Flail             |   116 |   112 ||   228
  Eat: Chunk             |     2 |     1 ||     3
